 Dungeon Crawl Stone Soup version 0.30-a0-760-g5a9884bb7c (webtiles) character file.

Game seed: 12833971035372842175

2433 pokeman the Thaumaturge (level 9, -11/49 HPs)
             Began as a Deep Elf Hedge Wizard on Feb 11, 2023.
             Mangled by an ogre
             ... wielding a +0 giant spiked club
              (36 damage)
             ... on level 7 of the Dungeon.
             The game lasted 00:15:08 (8504 turns).

pokeman the Thaumaturge (Deep Elf Hedge Wizard)     Turns: 8504, Time: 00:15:08

Health: -11/49     AC:  5    Str:  7    XL:     9   Next: 24%
Magic:  25/35      EV: 13    Int: 24    God:
Gold:   360        SH:  0    Dex: 14    Spells: 22/30 levels left

rFire   + . .      SeeInvis .    b - +1 short sword (drain)
rCold   . . .      Faith    .    (no shield)
rNeg    . . .      Spirit   .    x - +2 robe {rF+}
rPois   .          Reflect  .    c - +0 hat
rElec   .          Harm     .    (no cloak)
rCorr   .          Rampage  .    (no gloves)
Will    .....                    F - +0 pair of boots
Stlth   ++                       (no amulet)
HPRegen 0.28/turn                z - ring of magical power
MPRegen 0.24/turn                (no ring)

@: no status effects
A: no striking features
a: no special abilities


You were on level 7 of the Dungeon.
You visited 1 branch of the dungeon, and saw 7 of its levels.
You also visited: Sewer.

You collected 384 gold pieces.
You spent 24 gold pieces at shops.

Inventory:

Hand Weapons
 b - a +1 short sword of draining (weapon)
Missiles
 E - a throwing net
Armour
 c - a +0 hat (worn)
 x - a +2 robe of fire resistance (worn)
 F - a +0 pair of boots (worn)
Jewellery
 z - a ring of magical power (left hand)
Wands
 v - a wand of flame (24)
 y - a wand of light (24)
Scrolls
 a - 2 scrolls of vulnerability {unknown}
 e - 13 scrolls of identify
 h - a scroll of acquirement {unknown}
 i - 3 scrolls of amnesia {unknown}
 n - 8 scrolls of teleportation
 o - a scroll of magic mapping {unknown}
 p - a scroll of noise {unknown}
 r - 3 scrolls of poison {unknown}
 u - a scroll of fear {unknown}
 w - a scroll of brand weapon {unknown}
 A - 2 scrolls of enchant armour {unknown}
 B - a scroll of enchant weapon {unknown}
Potions
 d - a potion of magic
 f - 3 potions of might {unknown}
 g - 9 potions of curing {unknown}
 j - 2 potions of ambrosia {unknown}
 k - 7 potions of mutation {unknown}
 l - 2 potions of brilliance {unknown}
 m - 2 potions of attraction {unknown}
 q - 3 potions of heal wounds {unknown}
 s - 2 potions of haste {unknown}
 t - a potion of cancellation {unknown}
 C - 4 potions of flight
 D - a potion of invisibility {unknown}


   Skills:
 + Level 2.6 Fighting
 - Level 3.0 Armour
 - Level 3.0 Dodging
 - Level 3.3 Stealth
 * Level 11.1 Spellcasting
 + Level 6.1 Conjurations
 + Level 5.2 Summonings
 - Level 1.1 Translocations
 - Level 1.0 Air Magic
 - Level 1.3 Poison Magic
 - Level 1.0 Evocations


You had 22 spell levels left.
You knew the following spells:

 Your Spells              Type           Power      Damage    Failure   Level
a - Magic Dart            Conj           100%       1d8       1%          1
b - Mephitic Cloud        Conj/Pois/Air  26%        N/A       4%          3
c - Call Imp              Summ           38%        N/A       1%          2
d - Blink                 Tloc           36%        N/A       4%          2

Your spell library contained the following spells:

 Spells                   Type           Power      Damage    Failure   Level
 Searing Ray              Conj           84%        2d7       1%          2
 Slow                     Hex            52%        N/A       4%          1
 Cigotuvi's Dreadful Rot  Necr/Pois/Air  34%        N/A       5%          2
 Fulminant Prism          Conj/Hex       14%        3d9       13%         4


Dungeon Overview and Level Annotations

Branches:
Dungeon (7/15)             Temple (0/1) D:7           Sewer (visited)

Altars:
Kikubaaqudgha

Shops:
D:5 *[   D:6 =


Message History

Press: ? - help, Shift-Dir - straight line, f/p - ogre
Aim: an ogre, wielding a +0 giant spiked club (heavily wounded, chance to affect: 77%) That beam is likely to hit you.
Continue anyway? [Y]es or [N]o only, please.
That beam is likely to hit you.
Continue anyway?
The ball explodes into a vile cloud!
The stinking cloud engulfs the ogre but does no damage.
The ogre is heavily wounded.
The stinking cloud engulfs you but does no damage.
You are engulfed in noxious fumes.
The ogre is engulfed in noxious fumes.
The ogre hits you with a +0 giant spiked club!!
Ouch! That really hurt!
You hit the ogre.
The ogre is severely wounded.
The ogre closely misses you.
Casting: Mephitic Cloud (dangerous; 4% risk of failure)
Confirm with . or Enter, or press ? or * to list all spells.
Aiming: Magic Dart (safe; 1% risk of failure)
Press: ? - help, Shift-Dir - straight line, f/p - ogre
Aim: an ogre, wielding a +0 giant spiked club (severely wounded, 100% to hit)
The magic dart hits the ogre but does no damage.
The ogre is severely wounded.
The ogre barely misses you.
Casting: Magic Dart (safe; 1% risk of failure)
Confirm with . or Enter, or press ? or * to list all spells.
Aiming: Magic Dart (safe; 1% risk of failure)
Press: ? - help, Shift-Dir - straight line, f/p - ogre
Aim: an ogre, wielding a +0 giant spiked club (severely wounded, 100% to hit)
The magic dart hits the ogre.
The ogre is severely wounded.
Casting: Magic Dart (safe; 1% risk of failure)
Confirm with . or Enter, or press ? or * to list all spells.
Aiming: Magic Dart (safe; 1% risk of failure)
Press: ? - help, Shift-Dir - straight line, f/p - ogre
Aim: an ogre, wielding a +0 giant spiked club (severely wounded, 100% to hit)
The magic dart hits the ogre.
The ogre is almost dead.
The ogre hits you with a +0 giant spiked club!!!
Ouch! That really hurt!
You die...

#####
..♣#...#
>..'.#@##
#.O.#
###.#○###
###...#...#
#..
...#####.#
#..
###...#...#
#..
).#...#.###
#..
#.#.....#
#.. #
#.#..####
#..


You could see an ogre.

Vanquished Creatures
  3 water moccasins
  A sky beast (D:7)
  An ice beast (D:5)
  2 ogres
  3 centaurs
  A phantom (D:5)
  Blork the orc (D:5)
  2 bullfrogs
  3 scorpions
  Dowan (D:5)
  A howler monkey (D:5)
  5 hounds
  A gnoll bouda (D:6)
  3 iguanas (D:5)
  2 orc wizards
  A malarious merfolk avatar (Sewer)
  A sickly merfolk siren (Sewer)
  12 gnolls
  10 adders
  A river rat (Sewer)
  A shadow imp (D:6)
  A white imp (D:4)
  An ufetubus (D:6)
  3 dart slugs
  8 orcs
  9 bats
  6 endoplasms
  7 giant cockroaches
  4 goblins
  2 hobgoblins (D:2)
  4 jackals (D:2)
  8 kobolds
  4 quokkas
  9 ball pythons
  11 frilled lizards
  24 rats
157 creatures vanquished.

Vanquished Creatures (collateral kills)
  Duvessa (D:5)
  An ogre (D:6)
  A necrophage (D:5)
  An orc wizard (D:5)
  3 gnolls (D:2)
  An adder (D:6)
  A worm (D:4)
  An orc (D:5)
  A ball python (D:2)
  A quokka (D:2)
  A frilled lizard (D:2)
13 creatures vanquished.

Grand Total: 170 creatures vanquished

Notes
Turn   | Place    | Note
-------+----------+-------------------------------------------
     0 | D:1      | pokeman the Deep Elf Hedge Wizard began the quest for the
                  | Orb.
     0 | D:1      | Reached XP level 1. HP: 10/10 MP: 7/7
   207 | D:1      | Reached XP level 2. HP: 15/15 MP: 6/9
   966 | D:1      | Reached skill level 5 in Spellcasting
  1114 | D:1      | Reached XP level 3. HP: 20/20 MP: 5/11
  1118 | D:1      | Learned a level 3 spell: Mephitic Cloud
  1121 | D:1      | Learned a level 2 spell: Call Imp
  1124 | D:1      | Learned a level 2 spell: Blink
  1420 | D:2      | Reached skill level 1 in Armour
  1609 | D:2      | Reached skill level 1 in Fighting
  1759 | D:2      | Reached XP level 4. HP: 25/25 MP: 3/13
  2890 | D:3      | You fall into a shaft and drop 1 floor!
  3164 | D:3      | Reached skill level 6 in Spellcasting
  3164 | D:3      | Reached XP level 5. HP: 29/29 MP: 10/15
  3263 | D:3      | Identified the +3 mace of the Holding Whale {heavy, Str+2}
  4545 | D:4      | Found an ancient bone altar of Kikubaaqudgha.
  4619 | D:4      | Reached skill level 1 in Poison Magic
  4897 | D:4      | Reached XP level 6. HP: 21/34 MP: 8/17
  5111 | D:5      | Entered Level 5 of the Dungeon
  5216 | D:5      | Reached skill level 7 in Spellcasting
  5216 | D:5      | Reached skill level 1 in Air Magic
  5216 | D:5      | Reached skill level 1 in Evocations
  5225 | D:5      | Noticed Duvessa
  5232 | D:5      | Noticed Dowan
  5249 | D:5      | Killed Dowan
  5497 | D:5      | Killed Duvessa
  5498 | D:5      | Reached XP level 7. HP: 30/39 MP: 2/20
  5682 | D:5      | Reached skill level 8 in Spellcasting
  5889 | D:5      | Found Qoarghamp's General Store.
  5914 | D:5      | Bought a scroll of identify for 24 gold pieces
  6084 | D:5      | Reached XP level 8. HP: 37/44 MP: 14/22
  6241 | D:5      | Reached skill level 9 in Spellcasting
  6341 | D:5      | Noticed Blork the orc
  6352 | D:5      | Killed Blork the orc
  6452 | D:5      | Reached skill level 5 in Conjurations
  6837 | D:5      | Found John Lambton's Dragon-Slaying Spoils.
  6986 | D:6      | Reached skill level 10 in Spellcasting
  7163 | D:6      | Found a glowing drain.
  7194 | Sewer    | Entered a sewer
  7599 | Sewer    | Reached XP level 9. HP: 48/48 MP: 25/25
  8103 | D:6      | Found Tomoe's Jewellery Emporium.
  8367 | D:7      | Reached skill level 11 in Spellcasting
  8367 | D:7      | Reached skill level 5 in Summonings
  8494 | D:7      | Found a staircase to the Ecumenical Temple.
  8504 | D:7      | Mangled by an ogre

Illustrated notes

Levels and vault maps discovered:
D:1:      dpeg_arrival_connections, layout_basic
D:2:      minmay_diamond_boxcup, layout_basic
D:3:      layout_basic, serial_bayou_pond_c, kennysheep_big_empty_room
D:4:      layout_basic, nicolae_kikubaaqudgha_miasma_corner
D:5:      minmay_inner_zag, layout_loops_ring, serial_shops,
          nicolae_shop_statue_plus, nicolae_shop_dragon_depot,
          kennysheep_small_circle, uniq_blork_the_orc, uniq_duvessa
D:6:      layout_gridville, serial_shops, shop, gup_sewer_entry_glass
D:7:      layout_loops_ring, chequers_temple_overflow_statue_of_worship,
          minmay_temple_entry_enclosed_plants, uniq_prince_ribbit1

Skill      XL: |  1  2  3  4  5  6  7  8  9 |
---------------+----------------------------+-----
Spellcasting   | 5 6 7 8 10 11 | 11.1
Armour         | 1 3 |  3.0
Fighting       | 1 2 |  2.6
Conjurations   | 2 3 4 5 6 |  6.1
Dodging        | 3 |  3.0
Stealth        | 3 |  3.3
Poison Magic   | 1 |  1.3
Air Magic      | 1 |  1.0
Evocations     | 1 |  1.0
Summonings     | 2 3 4 5 |  5.2
Translocations | |  1.1

Action                     |  1- 3 |  4- 6 |  7- 9 || total
---------------------------+-------+-------+-------++-------
  Melee: Dagger            |     5 |    12 |       ||    17
         Mace              |       |    22 |       ||    22
         Short sword       |       |       |   124 ||   124
         Punch             |       |       |     2 ||     2
   Cast: Magic Dart        |   107 |   102 |   174 ||   383
         Call Imp          |     2 |     9 |     5 ||    16
         Mephitic Cloud    |     1 |    12 |    25 ||    38
         Blink             |       |     1 |       ||     1
   Stab: Confused          |       |     3 |    13 ||    16
         Sleeping          |       |     1 |       ||     1
 Armour: Robe              |     3 |     7 |    23 ||    33
  Dodge: Dodged            |    36 |    51 |   106 ||   193

Table legend: (Time is in decaauts)
 A = Elapsed time spent in this place.
 B = Non-inter-level travel time spent in this place.
 C = Inter-level travel time spent in this place.
 D = Time resting spent in this place.
 E = Time spent auto-exploring this place.
 F = Levels seen in this place.
 G = Mean time per level.
                   A        B        C        D        E       F      G
               +--------+--------+--------+--------+--------+-----+--------+
         Total |   8577 |   8325 |    252 |    380 |   6609 |   8 | 1072.1 |
       Dungeon |   7877 |   7625 |    252 |    378 |   6080 |   7 | 1125.3 |
         Sewer |    699 |    699 |      0 |      2 |    528 |   1 |  699.0 |
               +--------+--------+--------+--------+--------+-----+--------+

Top non-repeatable levels by time:
     D:5: 1851 daAuts
     D:2: 1494 daAuts
     D:3: 1349 daAuts
     D:1: 1334 daAuts
     D:4: 947 daAuts
     D:6: 715 daAuts
   Sewer: 699 daAuts
     D:7: 184 daAuts
